Description

Reaper expand and then Liberators with range upgrade opening. Then upgrade speed for Medivacs and harass your opponent.

Then you can continue to the mech or bio. In current video, Terran decided to choose BIO. With grades 3x3 vs 2x2 (Zerg).

VOD

https://youtu.be/2ZXFmSw2XKg?t=4124

Replay - Alex007 vs ||||||||||||| - TvZ

Build Order

Get SALT Encoding   

  12  0:01  SCV  
  13  0:13  SCV  
  14  0:18  Supply Depot  
  14  0:25  SCV  
  15  0:30  Refinery  
  15  0:39  SCV  
  16  0:45  Barracks  
  16  0:51  SCV  
  17  1:04  SCV  
  18  1:16  SCV  
  19  1:31  Orbital Command  
  19  1:32  Reaper  
  20  1:43  Command Center  
  20  1:54  Factory  
  20  1:58  SCV  
  21  2:08  Barracks Reactor, Supply Depot  
  21  2:12  SCV  
  22  2:23  Refinery  
  22  2:24  SCV  
  24  2:48  Starport  
  25  2:56  Orbital Command  
  25  2:59  Hellion  
  25  3:01  Hellion  
  31  3:20  Hellion  
  31  3:22  Hellion  
  31  3:26  Viking  
  39  3:33  Fusion Core  
  39  3:35  Barracks Tech Lab  
  41  3:44  Supply Depot  
  44  4:10  Command Center  
  46  4:21  Advanced Ballistics  
  46  4:24  Refinery  
  46  4:25  Liberator  
  46  4:26  Supply Depot  
  48  4:37  Refinery, Liberator  
  52  4:48  Supply Depot  
  59  5:07  Liberator  
  60  5:14  Engineering Bay x2  
  61  5:22  Stimpack  
  61  5:23  Barracks  
  61  5:26  Orbital Command  
  66  5:40  Factory Reactor  
  67  5:46  Terran Infantry Weapons Level 1  
  67  5:47  Terran Infantry Armor Level 1  
  67  5:49  Barracks  
  68  5:50  Barracks  
  69  5:57  Barracks  
  69  6:00  Marine  
  69  6:03  Rapid Reignition System  
  73  6:14  Medivac x2  
  78  6:24  Orbital Command  
  80  6:28  Factory Reactor  
  80  6:29  Marine x3  
  85  6:44  Medivac, Barracks Reactor  
  85  6:46  Barracks Reactor  
  85  6:47  Marine x2  
  87  6:54  Marine  
  87  6:55  Marine  
  89  7:06  Marine x2  
  98  7:33  Armory  
  102  7:38  Combat Shield  
  102  7:39  Medivac x2  
  108  7:48  Orbital Command  
  118  8:11  Factory Tech Lab  
  118  8:12  Factory  
  140  8:57  Siege Tank  
  140  8:58  Factory Tech Lab  
  140  8:59  Terran Infantry Armor Level 2, Terran Infantry Weapons Level 2  
  140  9:00  Terran Vehicle Weapons Level 1  
  148  9:06  Medivac, Refinery  
  148  9:07  Command Center, Refinery  
  156  9:21  Siege Tank  
  159  9:29  Siege Tank  
  165  9:56  Barracks  
  165  9:58  Barracks  
  165  9:59  Barracks  
Spawning Tool Build Advisor. Get it on Overwolf

Analysis

Reaper expand and then Liberators with range upgrade opening. Then upgrade speed for Medivacs and harass your opponent.

Then you can continue to the mech or bio. In current video, Terran decided to choose BIO. With grades 3x3 vs 2x2 (Zerg).

Go to:

Details

  • Created by: Modezov
  • Published on: Dec 26, 2019
  • Modified on: Dec 26, 2019
  • Patch: 4.11.0
Show
View Real Time Build Order
Export as new Build Order

Comments (0)

There are no comments. Be the first!

Create an account to comment!